AoeStats
← OreosOfChina

Arabia

507458888Analyzed
2v2 RM · 14d ago on Sep 18, 2026· 58m 0s· 4 players
Game mode
Random Map
Map size
Medium (4 player)
Population
200
Speed
Normal
Resources
Standard
Victory
Conquest
Starting age
Dark Age
Ending age
Imperial Age
RankedLock teamsTeams togetherTeam positionsShared explorationLock speedFull tech treeHidden civsTurbo modeCheats
Victory
Defeat
🇬🇧 Lithuanians · United Kingdom
952
+16
🇬🇧 Spanish · United Kingdom
906
+17
🇦🇺 Celts · Australia
959
-17
🇦🇺 Teutons · Australia
925
-16
OreosOfChina
7:48 Loom
10:23 Feudal Age
12:55 Double-Bit Axe
13:01 Horse Collar
17:53 Castle Age
16:01 Stone Mining
25:25 Husbandry
25:35 Bloodlines
26:27 Wheelbarrow
25:55 Heavy Plow
26:25 Bow Saw
34:01 Imperial Age
32:47 Hand Cart
32:42 Scale Barding Armor
32:48 Forging
34:09 Elite Leitis
35:10 Conscription
35:29 Iron Casting
35:15 Chain Barding Armor
40:09 Plate Barding Armor
39:56 Arson
40:11 Squires
42:07 Gold Mining
Sir Lord Jimmy Crystal
13:28 Feudal Age
17:46 Castle Age
15:44 Double-Bit Axe
16:00 Horse Collar
28:56 Scale Barding Armor
30:10 Gold Mining
31:00 Inquisition
49:05 Wheelbarrow
49:15 Chain Barding Armor
53:26 Imperial Age
53:06 Bow Saw
54:47 Elite Conquistador
57:08 Conscription
Sinbad
5:16 Loom
11:35 Feudal Age
12:03 Double-Bit Axe
14:21 Horse Collar
15:25 Bloodlines
22:11 Castle Age
21:15 Gold Mining
22:39 Scale Barding Armor
27:56 Heavy Plow
33:39 Pikeman
49:09 Bloodlines
54:17 Imperial Age
54:18 Cavalier
55:25 Chain Barding Armor
Curlz
7:36 Loom
10:19 Feudal Age
11:23 Double-Bit Axe
21:39 Castle Age
19:25 Horse Collar
21:54 Wheelbarrow
23:37 Heavy Plow
23:50 Bow Saw
24:18 Hand Cart
26:54 Scale Mail Armor
27:05 Forging
26:44 Gambesons
26:20 Man-at-Arms
26:50 Arson
30:25 Long Swordsman
38:08 Imperial Age
37:22 Stronghold
39:53 Heavy Scorpion
41:49 Furor Celtica
42:06 Conscription
42:28 Hoardings
44:59 Pikeman
46:00 Chain Mail Armor
46:21 Iron Casting
45:18 Cavalier
45:58 Husbandry
46:07 Scale Barding Armor
47:21 Plate Mail Armor
47:28 Paladin
51:00 Town Watch
56:47 Conscription
Connection lost

Rejoining the realm…

Still unreachable

The connection could not be restored.

Session expired

The server has moved on; the page needs a fresh start.